 Dungeon Crawl Stone Soup version 0.30.1-4-g462c640d31 (webtiles) character file.

Game seed: 755137516338628746

1847685 LavenderCorpse the Heavyweight Champion (level 24, 257/257 (267) HPs)
             Began as a Troll Cinder Acolyte on Aug 10, 2023.
             Was a High Priest of Jiyva.
             Escaped with the Orb
             ... and 3 runes!
             The game lasted 03:21:31 (52740 turns).

LavenderCorpse the Heavyweight Champion (TrCA)     Turns: 52740, Time: 03:21:31

HP:   257/257 (267) AC: 33    Str: 31 (33) XL:     24   Next: 11%
MP:   21/21         EV:  4    Int:  6 (8)  God:    Jiyva [*****.]
Gold: 2700          SH: 16    Dex:  7      Spells: 25/25 levels left

rFire   + +          .
                       - Unarmed
rCold   + + .        B - +3 tower shield "Koicor" {rElec rN+}
rNeg    + . .        j - +3 gold dragon scales
rPois   +            P - +1 hat
rElec   +            Q - +4 dragonskin cloak
rCorr   +            (gloves unavailable)
SInv    +            (boots unavailable)
Will    +....        V - amulet of the acrobat Stlth
                     g - +4 ring of slaying
HPRegen 3.66/turn    u - ring "Zitac" {rF+ rC+}
MPRegen 0.62/turn

%: acrobat
@: lightly drained
A: large, unfitting armour, claws 3, regeneration 2, shaggy fur 1, tough skin 1,
talons 2, iridescent scales 1, dopey 1, low MP 1, sense surroundings 1, weak 1,
eyeballs 3, translucent skin 3, subdued magic 1, MP-powered wands
0: Orb of Zot
}: 3/15 runes: barnacled, slimy, gossamer
a: Renounce Religion, Oozemancy, Slimify


You escaped.
You worshipped Jiyva.
Jiyva was extremely pleased with you.
You visited 9 branches of the dungeon, and saw 48 of its levels.
You visited 1 bazaar.
You also visited: Bailey and Ice Cave.

You collected 4887 gold pieces.
You spent 2187 gold pieces at shops.

Inventory:

Hand Weapons
 Z - a +4 demon trident of draining
Missiles
 b - 95 poisoned darts
 d - 286 stones
 k - 33 boomerangs
 l - 4 javelins
 w - 7 throwing nets
 E - 22 large rocks
 K - 5 boomerangs of dispersal
 M - 6 atropa-tipped darts
 X - 6 datura-tipped darts
Armour
 f - a +0 kite shield
 j - +3 gold dragon scales (worn)
 B - the +3 tower shield "Koicor" (worn) {rElec rN+}
   (You acquired it on level 7 of the Dungeon)

   rElec:     It insulates you from electricity.
   rN:        It protects you from negative energy.
 P - a +1 hat (worn)
 Q - the +4 dragonskin cloak (worn)
   (You found it on level 4 of the Realm of Zot)

   Avatar's Aegis: It grants the wearer a chance to resist fire, cold, poison,
   electricity, acid, and negative energy.
Jewellery
 e - an amulet of reflection
 g - a +4 ring of slaying (left claw)
 m - a +6 ring of intelligence
 r - a ring of protection from fire
 u - the ring "Zitac" (right claw) {rF+ rC+}
   (You found it on level 3 of the Dungeon)

   [ring of protection from fire]

   rF:        It protects you from fire.
   rC:        It protects you from cold.
 V - an amulet of the acrobat (around neck)
Wands
 n - a wand of roots (26)
 s - a wand of digging (3)
 y - a wand of acid (5)
Scrolls
 a - 3 scrolls of fog
 c - 14 scrolls of teleportation
 i - 4 scrolls of immolation
 o - 4 scrolls of enchant weapon
 q - 3 scrolls of silence
 z - 4 scrolls of amnesia
 D - 4 scrolls of blinking (quivered)
 G - 3 scrolls of magic mapping
 H - 2 scrolls of brand weapon
 J - 2 scrolls of poison
 N - a scroll of torment
 O - 2 scrolls of fear
 W - 3 scrolls of butterflies
Potions
 h - 9 potions of brilliance
 p - 2 potions of berserk rage
 t - a potion of resistance
 v - 9 potions of mutation
 x - 5 potions of ambrosia
 C - 5 potions of attraction
 F - 4 potions of flight
 L - 2 potions of might
 T - a potion of invisibility
 U - 4 potions of lignification
 Y - 2 potions of haste
Miscellaneous
 S - a phantom mirror


   Skills:
 + Level 20.7 Fighting
 + Level 18.1 Throwing
 + Level 14.4 Armour
 - Level 8.3 Dodging
 - Level 7.5 Shields
 O Level 27 Unarmed Combat
 - Level 1.0 Spellcasting
 - Level 2.1 Fire Magic


You had 25 spell levels left.
You didn't know any spells.
Your spell library contained the following spells:

 Spells                   Type           Power      Damage    Failure   Level
 Apportation              Tloc           0%         N/A       100%        1
 Beastly Appendage        Tmut           0%         N/A       100%        1
 Kiss of Death            Conj/Necr      0%         2d5       100%        1
 Necrotise                Necr           0%         1d4       100%        1
 Summon Small Mammal      Summ           0%         N/A       100%        1
 Blink                    Tloc           0%         N/A       100%        2
 Ensorcelled Hibernation  Hex/Ice        0%         N/A       100%        2
 Lesser Beckoning         Tloc           0%         N/A       100%        2
 Momentum Strike          Conj/Tloc      0%         3d8       100%        2
 Poisonous Vapours        Pois/Air       0%         N/A       100%        2
 Scorch                   Fire           4%         2d5       100%        2
 Wereblood                Tmut           0%         N/A       100%        2
 Confusing Touch          Hex            0%         N/A       100%        3
 Dazzling Flash           Conj/Hex       0%         N/A       100%        3
 Gell's Gravitas          Tloc           0%         N/A       100%        3
 Ignite Poison            Fire/Tmut/Pois 0%         N/A       100%        3
 Inner Flame              Hex/Fire       1%         N/A       100%        3
 Mephitic Cloud           Conj/Pois/Air  0%         N/A       100%        3
 Portal Projectile        Hex/Tloc       0%         N/A       100%        3
 Spider Form              Tmut/Pois      0%         N/A       100%        3
 Summon Guardian Golem    Hex/Summ       0%         N/A       100%        3
 Teleport Other           Tloc           0%         N/A       100%        3
 Tukima's Dance           Hex            0%         N/A       100%        3
 Vampiric Draining        Necr           0%         2d6       100%        3
 Volatile Blastmotes      Fire/Tloc      2%         2d10      100%        3
 Anguish                  Hex/Necr       0%         N/A       100%        4
 Dispel Undead            Necr           0%         3d6       100%        4
 Flame Wave               Conj/Fire      1%         2d4       100%        4
 Iskenderun's Mystic Bla  Conj/Tloc      0%         2d3       100%        4
 Leda's Liquefaction      Hex/Erth       0%         N/A       100%        4
 Sticky Flame             Conj/Fire      1%         2d3       100%        4
 Summon Ice Beast         Ice/Summ       0%         N/A       100%        4
 Summon Lightning Spire   Summ/Air       0%         N/A       100%        4
 Agony                    Necr           0%         N/A       100%        5
 Blade Hands              Tmut           0%         N/A       100%        5
 Borgnjor's Vile Clutch   Necr/Erth      0%         N/A       100%        5
 Freezing Cloud           Conj/Ice/Air   0%         6-21      100%        5
 Lee's Rapid Deconstruct  Erth           0%         3d4*      100%        5
 Conjure Ball Lightning   Conj/Air       0%         3x3d6     100%        6
 Dispersal                Tloc           0%         N/A       100%        6
 Plasma Beam              Fire/Air       0%         2x1d11    100%        6
 Starburst                Conj/Fire      0%         6d3       100%        6
 Statue Form              Tmut/Erth      0%         N/A       100%        6
 Summon Cactus Giant      Summ           0%         N/A       100%        6
 Enfeeble                 Hex            0%         N/A       100%        7
 Discord                  Hex            0%         N/A       100%        8
 Disjunction              Tloc           0%         N/A       100%        8
 Ignition                 Fire           1%         3d3       100%        8
 Chain Lightning          Conj/Air       0%         N/A       100%        9
 Fire Storm               Conj/Fire      0%         6d1       100%        9
 Shatter                  Erth           0%         3d5*      100%        9


Dungeon Overview and Level Annotations

Branches:
Dungeon (15/15)            Temple (0/1) D:4            Lair (5/5) D:9
 Shoals (4/4) Lair:3       Spider (4/4) Lair:3        Slime (5/5) Lair:5
    Orc (2/2) D:12            Elf (0/3) Orc:2        Vaults (4/5) D:14
  Crypt (0/3) Vaults:2     Depths (4/4) D:15            Zot (5/5) Depths:4
 Bailey (visited)           IceCv (visited)

Altars:
Cheibriados
Fedhas
Kikubaaqudgha
Makhleb
Nemelex Xobeh
Okawaru
Wu Jian
Yredelemnul
Jiyva

Shops:
D:4 (   D:6 ?   D:8 !!   D:9 [   Orc:2 [==*   Vaults:1 ?((   Vaults:3 =?
Depths:3 [

Portals:
Hell: Lair:5 Depths:1 Depths:2 Depths:3 Depths:4
Abyss: Zot:1 Depths:3 Depths:4
Pandemonium: Depths:1 Depths:2 Depths:3
Ziggurat: Depths:4

Annotations:
Shoals:3 1 runed translucent door, tykejmi's ghost, journeyman MiFi
Shoals:4 Ilsuiw
Slime:5 Royal Jelly
Zot:1 2 transporters, Yklao's ghost, veteran FeEn
Zot:2 3 runed translucent doors, Zengy's ghost, legendary MiFi


Innate Abilities, Weirdness & Mutations

You are too large for most types of armour.
You have claws for hands.
You heal very quickly.
You are covered in fur. (AC +1)
You have tough skin. (AC +1)
You have razor-sharp toenails.
You are partially covered in iridescent scales. (AC +2)
You are dopey. (Int -2)
Your magical capacity is low. (-10% MP)
You passively map a small area around you.
You are weak. (Str -2)
Your body is covered in eyes which may confuse attackers. (Acc +7, SInv)
Your transparent skin significantly reduces your foes' accuracy. (Stealth+)
Your spells are a little easier to cast, but a little less powerful.
You expend magic power (3 MP) to strengthen your wands.


Message History

Your azure jelly misses Zoprovva.
Zoprovva gestures.
Send 'em back where they came from!
Your azure jelly dissolves into a puddle of slime!
The barbed spikes dig painfully into your body as you move.
You climb upwards.
There is a stone staircase leading down here.
The barbed spikes dig painfully into your body as you move.
The barbed spikes dig painfully into your body as you move.
The barbed spikes dig painfully into your body as you move.
The barbed spikes snap loose.
There is a stone staircase leading up here.
You hear a distant slurping noise.
You climb upwards.
There is a stone staircase leading down here.
There is a stone staircase leading up here.
You climb upwards.
There is a stone staircase leading down here.
As you read the scroll of teleportation, it crumbles to dust.
You feel strangely unstable.
You feel the Orb delaying your translocation!
Your surroundings suddenly seem different.
There is an entrance to Siggouta's Firing Range here.
There is a stone staircase leading up here.
You climb upwards.
There is a stone staircase leading down here.
You see here a +0 hand axe.
HP restored.
There is a stone staircase leading up here.
You climb upwards.
There is a stone staircase leading down here.
A balrug and 2 sun demons come into view.
The balrug is wielding a +0 demon whip of pain.
The sun demon shouts! x2
The balrug moves out of view.
There is a stone staircase leading up here.
You climb upwards.
There is a stone staircase leading down here.
There is a staircase leading out of the dungeon here.
You have escaped!

......##########.##########
#######.)#.............#..#
......#.#...............#.#
########.......#.#.......## ###
#......#.#.#.#......# ..#
#.....##.#.#.##.....#
#.#####.......⌠#.#⌠.......#
#....##..#######.#######..####
#.##............@............#
#.#####..#######.#######..##.#
#.# #.......⌠#.#⌠.......##.# #.#
#.....##.#.#.##.....##.# #.#
#......#.#.#.#......##.### #.#
##.......#.#.......###...#
#.#####.#...............#.#....#
#.#...#..#.............#..##...#
#.#.############.############.##


There were no monsters in sight!

Vanquished Creatures
  An ancient lich (Zot:5)
  6 orbs of fire (Zot:5)
  Vv (Depths:3)
  6 Killer Klowns
  2 curse toes
  Saint Roka (Depths:1)
  8 caustic shrikes (Depths:4)
  5 golden dragons
  Jory (Vaults:3)
  A profane servitor (Depths:1)
  A bone dragon (Depths:4)
  Jorgrun (Shoals:1)
  3 electric golems
  11 tentacled monstrosities
  Mlioglotl (Shoals:3)
  3 liches
  25 Orb Guardians
  A titan (Depths:2)
  6 quicksilver dragons
  4 sphinxes
  Polyphemus (Shoals:2)
  5 death cobs
  Gastronok (Lair:2)
  5 shadow dragons
  11 draconian monks
  9 storm dragons
  7 fire giants
  8 draconian knights
  2 iron dragons
  7 frost giants
  Louise (D:14)
  11 draconian scorchers
  3 ghost moths
  8 vault wardens
  4 draconian shifters
  2 emperor scorpions
  7 broodmothers
  An orc warlord (Bailey)
  A spriggan defender (Depths:4)
  5 draconian annihilators
  9 ironbound preservers
  7 draconian stormcallers
  12 stone giants
  17 green draconians
  3 very ugly things (Vaults:3)
  4 ironbound thunderhulks
  A lorocyproca (Zot:3)
  A vampire knight (Depths:4)
  4 dire elephants
  14 yellow draconians
  19 purple draconians
  6 spark wasps
  14 black draconians
  11 red draconians
  14 white draconians
  2 pearl dragon zombies (Depths:1)
  6 ettins
  4 merfolk javelineers
  11 yaktaur captains
  7 entropy weavers
  A jiangshi (Vaults:2)
  8 merfolk impalers
  6 fire dragons
  The ghost of alexxx the Spry, a journeyman FeSu of Gozag (D:14)
  7 hydras
  13 vault guards
  6 ice dragons
  5 merfolk avatars
  4 rakshasas
  8 spriggan air magi
  3 radroaches
  5 ogre magi
  5 jorogumos
  19 two-headed ogres
  2 alligator snapping turtles
  3 ironbound frosthearts
  3 centaur warriors (D:15)
  3 catoblepae
  3 death knights
  2 satyrs (Shoals:4)
  2 tengu warriors
  15 boulder beetles
  5 merfolk aquamancers
  3 hell hogs (Depths:1)
  18 death yaks
  2 deep troll shamans
  2 vampire magi
  3 deep troll earth magi
  8 spriggan berserkers
  7 hell knights
  5 spriggans
  A storm dragon zombie (Depths:1)
  5 skysharks
  A shadow wraith (D:14)
  3 iron trolls
  2 sun demons
  4 pharaoh ants
  The ghost of ThaPlane the Spear-Bearer, a novice MfGl of Ru (D:7)
  A sun moth (Spider:2)
  11 orb spiders
  2 sixfirhies
  A skeletal warrior (Vaults:2)
  A bog body (IceCv)
  6 wizards
  A deep troll (shapeshifter) (D:14)
  5 sea snakes
  A kraken simulacrum (Shoals:3)
  2 flayed ghosts
  11 ironbound convokers
  24 harpies
  38 deep trolls
  Pikel (D:4)
  4 lindwurms
  3 phantasmal warriors
  7 steelbarb worms
  7 necromancers
  A stone giant zombie (Vaults:4)
  2 deep elf pyromancers
  16 manticores
  14 wolf spiders
  An orc sorcerer (Orc:2)
  22 ugly things
  A fire giant zombie (Depths:1)
  15 fauns
  4 apis skeletons (Depths:1)
  18 moths of wrath
  5 cyclopes
  Joseph (D:7)
  12 vault sentinels
  2 ice statues (IceCv)
  3 torpor snails
  7 water nymphs
  4 orange demons
  A molten gargoyle (Depths:1)
  8 black mambas
  3 merfolk sirens
  7 demonic crawlers
  9 elephants
  13 cane toads
  4 rime drakes
  An unseen horror (D:10)
  11 komodo dragons
  32 yaktaurs
  2 hellions
  3 freezing wraiths (D:14)
  7 kobold demonologists
  An efreet (D:13)
  A spark wasp simulacrum (D:14)
  2 tengu conjurers (Depths:1)
  9 ice devils
  20 merfolk
  6 harpy zombies (Shoals:2)
  2 hellwings
  4 polar bears
  9 trolls
  2 red devils
  22 tarantellas
  3 wind drakes
  5 meliai
  5 hornets
  4 snapping turtles
  30 blink frogs
  An ettin zombie (Vaults:4)
  2 fire giant simulacra
  35 jumping spiders
  Sigmund (D:4)
  15 water elementals
  2 vampires (D:10)
  3 spriggan skeletons (Depths:1)
  5 dire elephant simulacra (IceCv)
  16 humans (D:14)
  4 shadows
  4 alligator snapping turtle simulacra (Shoals:3)
  7 wraiths
  21 culicivoras
  9 wyverns
  10 vampire mosquitoes
  2 fire bats (Depths:1)
  2 steam dragons
  54 yaks
  23 fire elementals
  Eustachio (D:4)
  A chaos spawn (Depths:1)
  A human simulacrum (Vaults:2)
  6 basilisks
  54 redbacks
  Menkaure (D:4)
  2 sea snake simulacra (Shoals:3)
  2 human zombies
  2 wargs
  2 acid dragons
  8 harpy simulacra
  Edmund (D:4)
  A swamp worm (Lair:3)
  12 water moccasins
  2 hydra simulacra (IceCv)
  3 ice beasts
  A human skeleton (Vaults:2)
  4 hell hounds (Lair:5)
  33 orc warriors
  3 sky beasts
  3 black bears
  A manticore zombie (Shoals:2)
  An ettin simulacrum (Depths:1)
  28 ogres
  5 boggarts
  14 wolves
  11 centaurs
  A lemure (D:4)
  2 phantoms
  5 kobold brigands
  2 gnoll sergeants (D:10)
  Blork the orc (D:4)
  14 bullfrogs
  4 scorpions
  2 faun simulacra (Shoals:3)
  2 merfolk simulacra (Shoals:3)
  A wight (D:9)
  10 killer bees
  2 snapping turtle simulacra (Shoals:3)
  2 electric eels (D:8)
  6 howler monkeys
  2 quasits (D:7)
  13 orc priests
  4 hounds
  2 gnoll boudas
  A cyclops simulacrum (Shoals:3)
  A sleepcap (D:3)
  Ijyb (D:3)
  4 iguanas
  19 orc wizards
  Natasha (thrice) (D:2)
  2 troll simulacra (IceCv)
  A polar bear simulacrum (IceCv)
  4 centaur simulacra (Shoals:3)
  Robin (D:3)
  20 gnolls
  12 adders
  2 shadow imps
  3 white imps
  An ufetubus (D:7)
  A worm (D:3)
  4 dart slugs
  75 orcs
  4 bats
  7 endoplasms
  6 giant cockroaches
  29 goblins
  21 hobgoblins
  4 jackals
  26 kobolds
  3 quokkas
  3 training dummies (D:4)
  6 ball pythons
  3 frilled lizards
  4 rats
  14 butterflies (Vaults:4)
  A fire vortex (Depths:1)
  2 tentacles (Shoals:3)
1809 creatures vanquished.

Vanquished Creatures (collateral kills)
  A lich (Zot:5)
  A cacodemon (Zot:3)
  A death knight (D:13)
  An orb spider (Spider:4)
  A moth of wrath (Spider:4)
  A tormentor (Zot:3)
  A red devil (D:7)
  A wraith (D:13)
8 creatures vanquished.

Vanquished Creatures (others)
  An acid blob (Depths:4)
  An eldritch tentacle (D:14)
  An azure jelly (shapeshifter) (Depths:4)
  Roxanne (D:14)
  A fire giant (Depths:2)
  2 ironbound preservers (Vaults:1)
  2 ironbound thunderhulks
  A green draconian (Zot:4)
  2 black draconians (Zot:4)
  A red draconian (Zot:3)
  4 great orbs of eyes
  A yaktaur captain (Vaults:1)
  A tengu warrior (D:14)
  3 glowing orange brains
  A deep troll (Vaults:1)
  An ironbound convoker (Vaults:1)
  2 lindwurms (Vaults:1)
  A harpy (Vaults:3)
  2 wizards (D:14)
  A faun (Shoals:4)
  A merfolk siren (Shoals:4)
  7 yaktaurs (Vaults:1)
  A hornet (Depths:3)
  31 slime creatures
  A jumping spider (Spider:4)
  A human (D:14)
  A redback (shapeshifter) (Depths:1)
  An ogre zombie (Vaults:4)
  188 jellies
  A howler monkey (D:11)
  An orc priest (Orc:1)
  An orc (Orc:1)
  40 tentacles (Shoals:3)
305 creatures vanquished.

Grand Total: 2122 creatures vanquished

Notes
Turn   | Place    | Note
-------+----------+-------------------------------------------
     0 | D:1      | LavenderCorpse the Troll Cinder Acolyte began the quest for
                  | the Orb.
     0 | D:1      | Reached XP level 1. HP: 22/22 MP: 1/1
    96 | D:1      | Found a faded altar of an unknown god.
   222 | D:1      | Reached XP level 2. HP: 26/29 MP: 2/2
   349 | D:1      | Reached skill level 1 in Throwing
   605 | D:1      | Reached XP level 3. HP: 36/36 MP: 3/3
   879 | D:2      | Noticed Natasha
   883 | D:2      | Killed Natasha
   884 | D:2      | Reached skill level 4 in Unarmed Combat
   940 | D:2      | Noticed Natasha
   948 | D:2      | Killed Natasha
   949 | D:2      | Reached XP level 4. HP: 44/44 MP: 4/4
  1169 | D:2      | Reached XP level 5. HP: 31/50 MP: 5/5
  1427 | D:2      | Noticed Natasha
  1441 | D:2      | Killed Natasha
  1473 | D:2      | Reached skill level 5 in Unarmed Combat
  2033 | D:3      | Identified the +5 quarterstaff of the Curious Lives {spect,
                  | Stlth+}
  2092 | D:3      | Noticed Ijyb
  2095 | D:3      | Killed Ijyb
  2096 | D:3      | Reached XP level 6. HP: 59/59 MP: 6/6
  2554 | D:3      | Noticed Robin
  2565 | D:3      | Killed Robin
  2748 | D:3      | Identified the ring "Zitac" {rF+ rC+}
  3008 | D:4      | Found a staircase to the Ecumenical Temple.
  3052 | D:4      | Noticed Blork the orc
  3072 | D:4      | Killed Blork the orc
  3073 | D:4      | Reached skill level 6 in Unarmed Combat
  3073 | D:4      | Noticed Eustachio
  3084 | D:4      | Noticed Pikel
  3089 | D:4      | Killed Eustachio
  3090 | D:4      | Reached XP level 7. HP: 48/66 MP: 7/7
  3105 | D:4      | Killed Pikel
  3106 | D:4      | Reached skill level 5 in Throwing
  3106 | D:4      | Reached skill level 7 in Unarmed Combat
  3106 | D:4      | Reached XP level 8. HP: 20/74 MP: 8/8
  3173 | D:4      | Found Siggouta's Firing Range.
  3285 | D:4      | Noticed Sigmund
  3297 | D:4      | Killed Sigmund
  3353 | D:4      | Noticed Menkaure
  3361 | D:4      | Killed Menkaure
  3362 | D:4      | Reached skill level 8 in Unarmed Combat
  3439 | D:4      | Found a snail-covered altar of Cheibriados.
  3833 | D:4      | Found an ancient bone altar of Kikubaaqudgha.
  3835 | D:4      | Noticed Edmund
  3841 | D:4      | Killed Edmund
  4066 | D:5      | Entered Level 5 of the Dungeon
  4527 | D:5      | Reached XP level 9. HP: 59/80 MP: 9/9
  4666 | D:5      | Reached skill level 1 in Dodging
  5166 | D:6      | Found a sparkling altar of Nemelex Xobeh.
  5172 | D:6      | Found an ornate altar of the Wu Jian Council.
  5172 | D:6      | Found an iron altar of Okawaru.
  5173 | D:6      | Found a basalt altar of Yredelemnul.
  5174 | D:6      | Found a burning altar of Makhleb.
  5176 | D:6      | Found a blossoming altar of Fedhas.
  5309 | D:6      | Found Ximn's Magic Scroll Shop.
  5552 | D:6      | Identified a scroll of acquirement
  5557 | D:6      | Acquired a manual of Unarmed Combat
  5582 | D:7      | Noticed Joseph
  5594 | D:7      | Killed Joseph
  5595 | D:7      | Reached skill level 9 in Unarmed Combat
  5832 | D:7      | Acquired 742 gold pieces
  5836 | D:7      | Acquired the +3 tower shield "Koicor" {rElec rN+}
  6116 | D:7      | Reached skill level 1 in Shields
  6117 | D:7      | Reached skill level 10 in Unarmed Combat
  6196 | D:7      | Found a transporter.
  6208 | D:7      | Reached XP level 10. HP: 82/94 MP: 10/10
  6451 | D:7      | Found a transporter.
  6453 | D:7      | Noticed ThaPlane's ghost (novice MfGl)
  6769 | D:7      | Killed ThaPlane's ghost
  6770 | D:7      | Reached skill level 5 in Fighting
  6770 | D:7      | Reached skill level 11 in Unarmed Combat
  6939 | D:8      | Found Bastretaa's Distillery.
  7424 | D:8      | Found Yciutt's Distillery.
  7657 | D:9      | Reached skill level 12 in Unarmed Combat
  7883 | D:9      | Reached skill level 5 in Dodging
  8011 | D:9      | Reached skill level 13 in Unarmed Combat
  8011 | D:9      | Reached XP level 11. HP: 84/105 MP: 11/11
  8033 | D:9      | Found Haungiq's Antique Armour Emporium.
  8071 | D:9      | Noticed a two-headed ogre
  8083 | D:9      | Killed a two-headed ogre
  8193 | D:9      | Noticed a two-headed ogre
  8243 | D:9      | Found a staircase to the Lair.
  8307 | Lair:1   | Entered Level 1 of the Lair of Beasts
  8390 | Lair:1   | Reached skill level 14 in Unarmed Combat
  8599 | Lair:1   | Reached skill level 5 in Shields
  8662 | Lair:1   | Noticed a seven-headed hydra
  8678 | Lair:1   | Killed a seven-headed hydra
  8679 | Lair:1   | Reached skill level 15 in Unarmed Combat
  8966 | Lair:1   | Noticed a boulder beetle
  8978 | Lair:1   | Killed a boulder beetle
  9051 | Lair:1   | You fall into a shaft and drop 1 floor!
  9392 | Lair:2   | Reached skill level 16 in Unarmed Combat
  9581 | Lair:2   | Reached XP level 12. HP: 77/118 MP: 12/12
 10036 | Lair:2   | Reached skill level 17 in Unarmed Combat
 10263 | Lair:2   | Noticed Gastronok
 10289 | Lair:2   | Killed Gastronok
 10476 | Lair:3   | Found a hole to the Spider Nest.
 10766 | Lair:3   | Reached skill level 18 in Unarmed Combat
 10986 | Lair:3   | Found a staircase to the Shoals.
 10988 | Lair:3   | Noticed a death yak
 10989 | Lair:3   | Noticed a death yak
 10995 | Lair:3   | Noticed a death yak
 10999 | Lair:3   | HP: 4/119 [death yak (2)]
 11309 | Lair:3   | Noticed a death yak
 11313 | Lair:3   | Killed a death yak
 11316 | Lair:3   | Noticed a death yak
 11320 | Lair:3   | Killed a death yak
 11321 | Lair:3   | Reached skill level 19 in Unarmed Combat
 11325 | Lair:3   | Reached XP level 13. HP: 124/127 MP: 13/13
 12034 | Lair:3   | HP: 4/190 [elephant (9)]
 12039 | Lair:3   | HP: 4/190 [poisoned by a cane toad]
 12044 | Lair:3   | HP: 9/190 [poisoned by a cane toad]
 12148 | Lair:4   | Reached skill level 20 in Unarmed Combat
 12803 | Lair:5   | Entered Level 5 of the Lair of Beasts
 13402 | Lair:5   | Reached XP level 14. HP: 137/137 MP: 14/14
 13820 | Lair:5   | Identified the +1 trident of Tydu {antimagic, Str+8}
 13846 | Lair:5   | Found a staircase to the Slime Pits.
 13846 | Lair:5   | Found a viscous altar of Jiyva.
 13855 | Lair:5   | Fell from the grace of Ignis
 13855 | Lair:5   | Became a worshipper of Jiyva Joxe the Shapeless
 14144 | Lair:5   | Reached skill level 10 in Fighting
 14191 | Lair:5   | Found a burning altar of Makhleb.
 14208 | Lair:5   | Found a gateway to Hell.
 14751 | D:9      | Reached * piety under Jiyva
 15081 | D:10     | Entered Level 10 of the Dungeon
 15209 | D:10     | Found a flagged portal.
 15234 | Bailey   | Entered a bailey
 15495 | Bailey   | Noticed an orc warlord
 15508 | Bailey   | Killed an orc warlord
 15555 | Bailey   | Reached XP level 15. HP: 152/152 MP: 15/15
 15568 | Bailey   | Acquired a manual of Throwing
 15572 | Bailey   | Acquired the +8 fire dragon scales "Hiffei" {rF++ rC- Int+4
                  | Dex+2}
 15801 | D:10     | Found an iron altar of Okawaru.
 15881 | D:10     | Reached ** piety under Jiyva
 16019 | D:10     | Reached skill level 5 in Armour
 16520 | D:11     | Found a frozen archway.
 16529 | IceCv    | Entered an ice cave
 17088 | D:11     | Reached *** piety under Jiyva
 17128 | D:11     | Gained mutation: You have acidic saliva. [Jiyva's grace]
 17128 | D:11     | Gained mutation: Your rubbery body absorbs attacks. (AC +1,
                  | EV +1) [Jiyva's grace]
 17128 | D:11     | Gained mutation: Your pliable body absorbs attacks. (AC +2,
                  | EV +2) [Jiyva's grace]
 17128 | D:11     | Gained mutation: Your gelatinous body deflects attacks. (AC
                  | +3, EV +3) [Jiyva's grace]
 17475 | D:11     | Reached **** piety under Jiyva
 17767 | D:12     | Reached XP level 16. HP: 160/162 MP: 16/16
 17962 | D:12     | You fall into a shaft and drop 2 floors!
 18007 | D:14     | Noticed Louise
 18022 | D:14     | Killed Louise
 18065 | D:14     | Found a burning altar of Makhleb.
 18075 | D:14     | Reached skill level 21 in Unarmed Combat
 18208 | D:14     | Noticed Roxanne
 18268 | D:14     | Killed Roxanne
 18293 | D:14     | Found a transporter.
 18294 | D:14     | Found a transporter.
 18294 | D:14     | Noticed alexxx's ghost (journeyman FeSu)
 18534 | D:14     | Reached ***** piety under Jiyva
 18689 | D:14     | Found a gate to the Vaults.
 18890 | D:13     | Lost mutation: You have acidic saliva. [Jiyva's grace]
 18890 | D:13     | Gained mutation: You have acidic saliva. [Jiyva's grace]
 18890 | D:13     | Gained mutation: Your melee attacks may engulf your foes in
                  | ooze. [Jiyva's grace]
 18890 | D:13     | Gained mutation: Your spells are a little harder to cast,
                  | but a little more powerful. [Jiyva's grace]
 18890 | D:13     | Gained mutation: Your spells are harder to cast, but more
                  | powerful. [Jiyva's grace]
 18953 | D:13     | Reached skill level 10 in Throwing
 19708 | D:12     | Found a staircase to the Orcish Mines.
 20075 | Orc:1    | Entered Level 1 of the Orcish Mines
 20296 | Orc:2    | Entered Level 2 of the Orcish Mines
 20302 | Orc:2    | Found a staircase to the Elven Halls.
 20720 | Orc:1    | Was forgiven by Ignis
 21018 | Orc:2    | Found Ushroc's Jewellery Shoppe.
 21018 | Orc:2    | Found Ukomiem's General Store.
 21019 | Orc:2    | Found Difevor's Armour Shop.
 21019 | Orc:2    | Found Cohimmi's Jewellery Shoppe.
 21030 | Orc:2    | Bought an amulet of reflection for 300 gold pieces
 21433 | Orc:2    | Bought +1 gold dragon scales for 1218 gold pieces
 21596 | Orc:1    | Reached ****** piety under Jiyva
 21596 | Orc:1    | Lost mutation: Your spells are harder to cast, but more
                  | powerful. [Jiyva's grace]
 21596 | Orc:1    | Lost mutation: Your gelatinous body deflects attacks. (AC
                  | +3, EV +3) [Jiyva's grace]
 21596 | Orc:1    | Gained mutation: Your spells are harder to cast, but more
                  | powerful. [Jiyva's grace]
 21596 | Orc:1    | Gained mutation: Your spells are much harder to cast, but
                  | much more powerful. [Jiyva's grace]
 21596 | Orc:1    | Gained mutation: You are partially covered in iridescent
                  | scales. (AC +2) [Jiyva's grace]
 21596 | Orc:1    | Gained mutation: You are mostly covered in iridescent
                  | scales. (AC +4) [Jiyva's grace]
 21954 | D:14     | Killed alexxx's ghost
 21974 | D:14     | Identified the staff of fire "Baajias" {rElec rF+ rC+}
 22043 | D:15     | Entered Level 15 of the Dungeon
 22107 | D:15     | Found a staircase to the Depths.
 22348 | D:15     | Found an ancient bone altar of Kikubaaqudgha.
 22441 | D:15     | Reached XP level 17. HP: 175/175 MP: 17/17
 23436 | Slime:1  | Entered Level 1 of the Pits of Slime
 23438 | Slime:1  | Noticed an acid blob
 23447 | Slime:1  | Noticed an acid blob
 23585 | Slime:1  | Noticed an acid blob
 23590 | Slime:1  | Noticed an acid blob
 23594 | Slime:1  | Noticed an acid blob
 23790 | Slime:2  | Noticed an acid blob
 24060 | Slime:4  | Noticed an acid blob
 24100 | Slime:4  | Noticed an acid blob
 24188 | Slime:5  | Entered Level 5 of the Pits of Slime
 24243 | Slime:5  | Noticed an acid blob
 24279 | Slime:5  | Noticed an acid blob
 24291 | Slime:5  | Noticed an acid blob
 24300 | Slime:5  | Noticed an acid blob
 24353 | Slime:5  | Noticed an acid blob
 24376 | Slime:5  | Found a viscous altar of Jiyva.
 24376 | Slime:5  | Noticed the Royal Jelly
 24378 | Slime:5  | Noticed an acid blob
 24381 | Slime:5  | Identified the staff of fire "Jepoawk" {rF+ rC- Dex+5}
 24388 | Slime:5  | Identified the staff of air "Gacre" {rElec Str+3}
 24390 | Slime:5  | Identified the +2 leather armour of the Trilobite {rPois
                  | Regen+}
 24397 | Slime:5  | Identified the +1 robe of the Centipede {rN+}
 24398 | Slime:5  | Identified the +0 leather armour of the Boiling Point
                  | {rPois rC+ Str+3}
 24400 | Slime:5  | Got a slimy rune of Zot
 24402 | Slime:5  | Got Reaff's Elucidation of Amassed Breccia
 24404 | Slime:5  | Got the Anthology of Tropical Air
 24426 | Slime:5  | Noticed an acid blob
 24657 | Spider:1 | Entered Level 1 of the Spider Nest
 26328 | Spider:2 | Lost mutation: You are mostly covered in iridescent scales.
                  | (AC +4) [Jiyva's grace]
 26328 | Spider:2 | Lost mutation: You are partially covered in iridescent
                  | scales. (AC +2) [Jiyva's grace]
 26328 | Spider:2 | Lost mutation: Your spells are much harder to cast, but
                  | much more powerful. [Jiyva's grace]
 26328 | Spider:2 | Lost mutation: Your spells are harder to cast, but more
                  | powerful. [Jiyva's grace]
 26328 | Spider:2 | Lost mutation: You have acidic saliva. [Jiyva's grace]
 26328 | Spider:2 | Lost mutation: Your pliable body absorbs attacks. (AC +2,
                  | EV +2) [Jiyva's grace]
 26328 | Spider:2 | Gained mutation: Your pliable body absorbs attacks. (AC +2,
                  | EV +2) [Jiyva's grace]
 26328 | Spider:2 | Gained mutation: Your gelatinous body deflects attacks. (AC
                  | +3, EV +3) [Jiyva's grace]
 26328 | Spider:2 | Gained mutation: You expend magic power (3 MP) to
                  | strengthen your wands. [Jiyva's grace]
 26328 | Spider:2 | Gained mutation: You heal very quickly. [Jiyva's grace]
 26485 | Spider:2 | Reached skill level 22 in Unarmed Combat
 26776 | Spider:2 | You fall into a shaft and drop 1 floor!
 26914 | Spider:3 | Found the +8 whip "Snakebite" {venom, curare, rPois}
 28018 | Spider:4 | Entered Level 4 of the Spider Nest
 28364 | Spider:4 | Reached XP level 18. HP: 187/187 MP: 18/18
 28412 | Spider:4 | Lost mutation: Your gelatinous body deflects attacks. (AC
                  | +3, EV +3) [Jiyva's grace]
 28412 | Spider:4 | Gained mutation: You are partially covered in iridescent
                  | scales. (AC +2) [Jiyva's grace]
 28412 | Spider:4 | Gained mutation: You are mostly covered in iridescent
                  | scales. (AC +4) [Jiyva's grace]
 28412 | Spider:4 | Gained mutation: You are completely covered in iridescent
                  | scales. (AC +6) [Jiyva's grace]
 28412 | Spider:4 | Gained mutation: You have hidden genetic potential.
                  | [Jiyva's grace]
 28878 | Spider:4 | Reached skill level 10 in Armour
 28938 | Spider:4 | Got a gossamer rune of Zot
 28962 | Spider:4 | Identified the +0 pair of gloves of Brilliance {rF+ Str+2
                  | Int+2}
 29258 | Shoals:1 | Entered Level 1 of the Shoals
 29497 | Shoals:1 | Noticed Jorgrun
 29519 | Shoals:1 | Killed Jorgrun
 29974 | Shoals:2 | Found a flickering gateway to a bazaar.
 29980 | Bazaar   | Entered a bazaar
 29980 | Bazaar   | Found Xis Nig's Weapon Emporium.
 29980 | Bazaar   | Found Itsiehe's Armour Shoppe.
 29980 | Bazaar   | Found Udoluv's Jewellery Shoppe.
 29980 | Bazaar   | Found Ickixeqimp's Weapon Emporium.
 29980 | Bazaar   | Found Exaoh's Book Shoppe.
 30021 | Bazaar   | Bought a +0 kite shield for 27 gold pieces
 30031 | Bazaar   | Bought 4 boomerangs of dispersal for 432 gold pieces
 30344 | Shoals:2 | Identified the +6 quarterstaff of Accord {speed, rN++
                  | Dex+3}
 30446 | Shoals:2 | Noticed Polyphemus
 30454 | Shoals:2 | Killed Polyphemus
 30531 | Shoals:2 | Reached skill level 23 in Unarmed Combat
 30612 | Shoals:2 | Lost mutation: You are completely covered in iridescent
                  | scales. (AC +6) [Jiyva's grace]
 30612 | Shoals:2 | Lost mutation: Your pliable body absorbs attacks. (AC +2,
                  | EV +2) [Jiyva's grace]
 30612 | Shoals:2 | Lost mutation: You expend magic power (3 MP) to strengthen
                  | your wands. [Jiyva's grace]
 30612 | Shoals:2 | Lost mutation: Your melee attacks may engulf your foes in
                  | ooze. [Jiyva's grace]
 30612 | Shoals:2 | Gained mutation: You are agile. (Dex +4, Str/Int -1)
                  | [Jiyva's grace]
 30612 | Shoals:2 | Gained mutation: You are very agile. (Dex +8, Str/Int -2)
                  | [Jiyva's grace]
 30612 | Shoals:2 | Gained mutation: You have a small jelly attached to you
                  | that may absorb projectiles. [Jiyva's grace]
 30612 | Shoals:2 | Gained mutation: You possess an exceptional clarity of
                  | mind. [Jiyva's grace]
 30768 | Shoals:3 | Noticed Mlioglotl
 30777 | Shoals:3 | Killed Mlioglotl
 30914 | Shoals:3 | Found a runed translucent gate.
 30915 | Shoals:3 | Found a runed translucent gate.
 30916 | Shoals:3 | Found a runed translucent gate.
 31087 | Shoals:3 | Identified the +2 short sword of the Throat {elec, rF+
                  | rCorr}
 31371 | Shoals:3 | Noticed tykejmi's ghost (journeyman MiFi)
 31540 | Shoals:3 | Found a runed translucent door.
 31879 | Shoals:4 | Entered Level 4 of the Shoals
 32127 | Shoals:4 | Reached XP level 19. HP: 173/198 MP: 19/19
 32154 | Shoals:3 | Gained mutation: You have large cloven feet. [hidden
                  | potential]
 32244 | Shoals:4 | Got the Handbook of the Cunning Deep Freeze
 32341 | Shoals:4 | Got a barnacled rune of Zot
 32354 | Shoals:4 | Lost mutation: Your spells are a little harder to cast, but
                  | a little more powerful. [Jiyva's grace]
 32354 | Shoals:4 | Lost mutation: You have hidden genetic potential. [Jiyva's
                  | grace]
 32354 | Shoals:4 | Gained mutation: Your melee attacks may engulf your foes in
                  | ooze. [Jiyva's grace]
 32354 | Shoals:4 | Gained mutation: You have a pair of small horns on your
                  | head. [Jiyva's grace]
 32354 | Shoals:4 | Gained mutation: You have a pair of horns on your head.
                  | [Jiyva's grace]
 32354 | Shoals:4 | Gained mutation: You have a pair of large horns on your
                  | head. [Jiyva's grace]
 32461 | Shoals:4 | Noticed Ilsuiw
 32539 | Shoals:4 | Identified the +6 falchion "Toirus" {heavy, *Rage rN+ Dex+4
                  | Stlth+}
 33420 | Vaults:1 | Entered Level 1 of the Vaults
 33764 | Vaults:1 | Found Nusuaqu Cuol's Antique Weapon Shoppe.
 33767 | Vaults:1 | Found Releh's Magic Scroll Emporium.
 33781 | Vaults:1 | Bought a scroll of blinking for 142 gold pieces
 33877 | Vaults:1 | Reached skill level 15 in Fighting
 34725 | Vaults:1 | Identified the +2 rapier of Ferocious Fortitude {holy,
                  | Dex+3}
 34753 | Vaults:1 | Found Yxitous's Weapon Shop.
 34760 | Vaults:1 | Bought 4 atropa-tipped darts for 68 gold pieces
 35007 | Vaults:2 | Reached skill level 24 in Unarmed Combat
 35111 | Vaults:2 | Lost mutation: You have a pair of large horns on your head.
                  | [Jiyva's grace]
 35111 | Vaults:2 | Lost mutation: Your melee attacks may engulf your foes in
                  | ooze. [Jiyva's grace]
 35111 | Vaults:2 | Gained mutation: Your translucent skin slightly reduces
                  | your foes' accuracy. (Stealth+) [Jiyva's grace]
 35111 | Vaults:2 | Gained mutation: Your translucent skin reduces your foes'
                  | accuracy. (Stealth+) [Jiyva's grace]
 35111 | Vaults:2 | Gained mutation: Your transparent skin significantly
                  | reduces your foes' accuracy. (Stealth+) [Jiyva's grace]
 35111 | Vaults:2 | Lost mutation: You have large cloven feet. [Jiyva's grace]
 35111 | Vaults:2 | Gained mutation: You have sharp toenails. [Jiyva's grace]
 35379 | Vaults:2 | You fall into a shaft and drop 2 floors!
 36219 | Vaults:4 | Found a huge runed gate.
 36219 | Vaults:4 | Found a huge runed gate.
 36219 | Vaults:4 | Found a huge runed gate.
 36219 | Vaults:4 | Found a huge runed gate.
 36219 | Vaults:4 | Found a huge runed gate.
 36219 | Vaults:4 | Found a huge runed gate.
 36219 | Vaults:4 | Found a huge runed gate.
 36219 | Vaults:4 | Found a huge runed gate.
 36220 | Vaults:4 | Found a huge runed gate.
 36220 | Vaults:4 | Found a huge runed gate.
 36220 | Vaults:4 | Found a huge runed gate.
 36221 | Vaults:4 | Found a huge runed gate.
 36222 | Vaults:4 | Found a huge runed gate.
 36223 | Vaults:4 | Found a huge runed gate.
 36310 | Vaults:4 | Reached XP level 20. HP: 213/213 MP: 20/20
 36915 | Vaults:4 | Found a huge runed gate.
 36916 | Vaults:4 | Found a huge runed gate.
 36917 | Vaults:4 | Found a huge runed gate.
 36918 | Vaults:4 | Found a huge runed gate.
 36926 | Vaults:4 | Found a huge runed gate.
 36926 | Vaults:4 | Found a huge runed gate.
 36926 | Vaults:4 | Found a huge runed gate.
 36926 | Vaults:4 | Found a huge runed gate.
 36926 | Vaults:4 | Found a huge runed gate.
 36926 | Vaults:4 | Found a huge runed gate.
 36927 | Vaults:4 | Found a huge runed gate.
 36928 | Vaults:4 | Found a huge runed gate.
 36929 | Vaults:4 | Found a huge runed gate.
 36937 | Vaults:4 | Found a huge runed gate.
 36937 | Vaults:4 | Found a huge runed gate.
 36937 | Vaults:4 | Found a huge runed gate.
 36937 | Vaults:4 | Found a huge runed gate.
 36937 | Vaults:4 | Found a huge runed gate.
 36937 | Vaults:4 | Found a huge runed gate.
 36938 | Vaults:4 | Found a huge runed gate.
 36939 | Vaults:4 | Found a huge runed gate.
 36940 | Vaults:4 | Found a huge runed gate.
 37268 | Vaults:3 | Found Vozal Opey's Magic Scroll Emporium.
 37274 | Vaults:3 | Found Hiopp's Jewellery Shop.
 37356 | Vaults:3 | Lost mutation: You have a pair of horns on your head.
                  | [Jiyva's grace]
 37356 | Vaults:3 | Lost mutation: You are very agile. (Dex +8, Str/Int -2)
                  | [Jiyva's grace]
 37356 | Vaults:3 | Lost mutation: You are agile. (Dex +4, Str/Int -1) [Jiyva's
                  | grace]
 37356 | Vaults:3 | Lost mutation: You possess an exceptional clarity of mind.
                  | [Jiyva's grace]
 37356 | Vaults:3 | Lost mutation: You have a small jelly attached to you that
                  | may absorb projectiles. [Jiyva's grace]
 37356 | Vaults:3 | Gained mutation: You have acidic saliva. [Jiyva's grace]
 37356 | Vaults:3 | Gained mutation: You are agile. (Dex +4, Str/Int -1)
                  | [Jiyva's grace]
 37356 | Vaults:3 | Gained mutation: You are very agile. (Dex +8, Str/Int -2)
                  | [Jiyva's grace]
 37356 | Vaults:3 | Gained mutation: You are completely covered in iridescent
                  | scales. (AC +6) [Jiyva's grace]
 37871 | Vaults:3 | Noticed Jory
 37894 | Vaults:3 | Killed Jory
 38618 | Vaults:2 | Lost mutation: You are very agile. (Dex +8, Str/Int -2)
                  | [Jiyva's grace]
 38618 | Vaults:2 | Lost mutation: You have acidic saliva. [Jiyva's grace]
 38618 | Vaults:2 | Gained mutation: You have a small jelly attached to you
                  | that senses nearby items. [Jiyva's grace]
 38618 | Vaults:2 | Gained mutation: You have hidden genetic potential.
                  | [Jiyva's grace]
 38618 | Vaults:2 | Gained mutation: You have great hidden genetic potential.
                  | [Jiyva's grace]
 38618 | Vaults:2 | Gained mutation: You have acidic saliva. [Jiyva's grace]
 38771 | Vaults:2 | Found a staircase to the Crypt.
 38779 | Vaults:2 | Reached skill level 25 in Unarmed Combat
 39333 | Depths:1 | Entered Level 1 of the Depths
 39474 | Depths:1 | Noticed Saint Roka
 39493 | Depths:1 | Killed Saint Roka
 39525 | Depths:1 | Found a one-way gate leading to the halls of Pandemonium.
 40383 | Depths:1 | Found a basalt altar of Yredelemnul.
 40388 | Depths:1 | Noticed a profane servitor
 40396 | Depths:1 | Killed a profane servitor
 40670 | Depths:2 | Noticed a golden dragon
 40678 | Depths:2 | Killed a golden dragon
 41237 | Depths:2 | Reached XP level 21. HP: 227/227 MP: 21/21
 41735 | Depths:3 | Found Idduogh's Armour Shoppe.
 42124 | Depths:3 | Noticed Vv
 42148 | Depths:3 | Killed Vv
 42149 | Depths:3 | Reached skill level 26 in Unarmed Combat
 42201 | Depths:3 | Lost mutation: You are completely covered in iridescent
                  | scales. (AC +6) [Jiyva's grace]
 42201 | Depths:3 | Lost mutation: You are mostly covered in iridescent scales.
                  | (AC +4) [Jiyva's grace]
 42201 | Depths:3 | Lost mutation: You are agile. (Dex +4, Str/Int -1) [Jiyva's
                  | grace]
 42201 | Depths:3 | Lost mutation: You have sharp toenails. [Jiyva's grace]
 42201 | Depths:3 | Gained mutation: You have large cloven feet. [Jiyva's
                  | grace]
 42201 | Depths:3 | Gained mutation: You have hoof-like feet. [Jiyva's grace]
 42201 | Depths:3 | Gained mutation: You have hooves in place of feet. [Jiyva's
                  | grace]
 42201 | Depths:3 | Gained mutation: You passively map a small area around you.
                  | [Jiyva's grace]
 42203 | Depths:3 | Gained mutation: You are strong-willed. (Will+) [hidden
                  | potential]
 42227 | Depths:3 | Noticed a golden dragon
 42237 | Depths:3 | Killed a golden dragon
 42303 | Depths:3 | Found a one-way gate to the infinite horrors of the Abyss.
 42555 | Depths:4 | Entered Level 4 of the Depths
 42678 | Depths:4 | Noticed a caustic shrike
 42680 | Depths:4 | Noticed a caustic shrike
 42680 | Depths:4 | Noticed a caustic shrike
 42681 | Depths:4 | Noticed a caustic shrike
 42682 | Depths:4 | Noticed a caustic shrike
 42698 | Depths:4 | Killed a caustic shrike
 42703 | Depths:4 | Killed a caustic shrike
 42706 | Depths:4 | Killed a caustic shrike
 42709 | Depths:4 | Killed a caustic shrike
 42712 | Depths:4 | Killed a caustic shrike
 42816 | Depths:4 | Noticed a caustic shrike
 42816 | Depths:4 | Noticed a caustic shrike
 42816 | Depths:4 | Noticed a caustic shrike
 42822 | Depths:4 | Killed a caustic shrike
 42823 | Depths:4 | Killed a caustic shrike
 42825 | Depths:4 | Killed a caustic shrike
 42971 | Depths:4 | Noticed an ancient lich
 42972 | Depths:4 | Found a one-way gateway to a ziggurat.
 42972 | Depths:4 | Noticed an ancient lich
 43102 | Depths:4 | Found a gate to the Realm of Zot.
 43662 | Depths:4 | Identified the +3 ring mail of Thoughtfulness {rCorr}
 43759 | Zot:1    | Entered Level 1 of the Realm of Zot
 44066 | Zot:1    | Reached skill level 15 in Throwing
 44374 | Zot:1    | Reached XP level 22. HP: 241/241 MP: 22/22
 44941 | Zot:1    | Noticed a golden dragon
 44944 | Zot:1    | Killed a golden dragon
 45077 | Zot:1    | Noticed Yklao's ghost (veteran FeEn)
 45077 | Zot:1    | Noticed an ancient lich
 45078 | Zot:1    | Found a transporter.
 45082 | Zot:1    | Noticed a Killer Klown
 45082 | Zot:1    | Noticed a Killer Klown
 45087 | Zot:1    | Noticed a dread lich
 45098 | Zot:1    | Lost mutation: You have hooves in place of feet. [Jiyva's
                  | grace]
 45098 | Zot:1    | Lost mutation: You have a small jelly attached to you that
                  | senses nearby items. [Jiyva's grace]
 45098 | Zot:1    | Lost mutation: You have hoof-like feet. [Jiyva's grace]
 45098 | Zot:1    | Lost mutation: You have large cloven feet. [Jiyva's grace]
 45098 | Zot:1    | Gained mutation: You have sharp toenails. [Jiyva's grace]
 45098 | Zot:1    | Gained mutation: You have razor-sharp toenails. [Jiyva's
                  | grace]
 45098 | Zot:1    | Gained mutation: You have claws for feet. [Jiyva's grace]
 45098 | Zot:1    | Gained mutation: You are robust. (+10% HP) [Jiyva's grace]
 45110 | Zot:1    | Noticed a golden dragon
 45116 | Zot:1    | Killed a golden dragon
 45375 | Zot:1    | Found a transporter.
 45381 | Zot:1    | Noticed a Killer Klown
 45736 | Zot:1    | Gained mutation: Your system is resistant to poisons.
                  | (rPois) [hidden potential]
 45736 | Zot:1    | Lost mutation: You have great hidden genetic potential.
                  | [hidden potential expressed]
 45973 | Zot:2    | Found a runed translucent gate.
 45976 | Zot:2    | Noticed a golden dragon
 45980 | Zot:2    | Noticed Zengy's ghost (legendary MiFi)
 46464 | Zot:2    | Found a runed translucent gate.
 46464 | Zot:2    | Found a runed translucent gate.
 46574 | Zot:2    | Noticed a golden dragon
 46996 | Zot:3    | Reached skill level 27 in Unarmed Combat
 47294 | Zot:3    | Noticed a curse toe
 47366 | Zot:3    | Killed a curse toe
 47459 | Zot:3    | Noticed a golden dragon
 47469 | Zot:3    | Slimified a golden dragon
 47469 | Zot:3    | a golden dragon changed into an acid blob
 48778 | Zot:4    | Lost mutation: You have a pair of small horns on your head.
                  | [Jiyva's grace]
 48778 | Zot:4    | Lost mutation: You have claws for feet. [Jiyva's grace]
 48778 | Zot:4    | Lost mutation: You are strong-willed. (Will+) [Jiyva's
                  | grace]
 48778 | Zot:4    | Lost mutation: Your system is resistant to poisons. (rPois)
                  | [Jiyva's grace]
 48778 | Zot:4    | Lost mutation: You are robust. (+10% HP) [Jiyva's grace]
 48778 | Zot:4    | Lost mutation: You have acidic saliva. [Jiyva's grace]
 48778 | Zot:4    | Lost mutation: Your rubbery body absorbs attacks. (AC +1,
                  | EV +1) [Jiyva's grace]
 48778 | Zot:4    | Gained mutation: Your body has grown eyes which may confuse
                  | attackers. (Acc +3) [Jiyva's grace]
 48778 | Zot:4    | Gained mutation: Your body has grown many eyes which may
                  | confuse attackers. (Acc +5) [Jiyva's grace]
 48778 | Zot:4    | Gained mutation: Your body is covered in eyes which may
                  | confuse attackers. (Acc +7, SInv) [Jiyva's grace]
 48778 | Zot:4    | Gained mutation: You expend magic power (3 MP) to
                  | strengthen your wands. [Jiyva's grace]
 48841 | Zot:4    | Noticed a golden dragon
 48848 | Zot:4    | Found the +4 dragonskin cloak
 48848 | Zot:4    | Noticed Tiamat
 48860 | Zot:4    | Reached XP level 23. HP: 187/253 MP: 23/23
 48912 | Zot:4    | Slimified Tiamat
 48912 | Zot:4    | Tiamat changed into Tiamat the acid blob
 48912 | Zot:4    | Noticed Tiamat
 49600 | Zot:5    | Entered Level 5 of the Realm of Zot
 49600 | Zot:5    | Noticed a Killer Klown
 49605 | Zot:5    | Killed a Killer Klown
 49931 | Zot:5    | Noticed an orb of fire
 49933 | Zot:5    | Noticed an orb of fire
 49939 | Zot:5    | Noticed an ancient lich
 49939 | Zot:5    | Noticed a Killer Klown
 49940 | Zot:5    | Noticed a Killer Klown
 49942 | Zot:5    | Killed an orb of fire
 49944 | Zot:5    | Gained mutation: Your spells are a little easier to cast,
                  | but a little less powerful. [an orb of fire]
 49948 | Zot:5    | Killed an orb of fire
 49951 | Zot:5    | Killed an ancient lich
 49972 | Zot:5    | Noticed a Killer Klown
 49978 | Zot:5    | Killed a Killer Klown
 49978 | Zot:5    | Noticed a Killer Klown
 49980 | Zot:5    | Noticed a Killer Klown
 49994 | Zot:5    | Killed a Killer Klown
 50008 | Zot:5    | Killed a Killer Klown
 50011 | Zot:5    | HP: 10/257 [Orb Guardian (9)]
 50229 | Zot:4    | Killed a Killer Klown
 50689 | Zot:5    | Noticed an orb of fire
 50697 | Zot:5    | Lost mutation: You have hidden genetic potential. [an orb
                  | of fire]
 50698 | Zot:5    | Noticed an orb of fire
 50705 | Zot:5    | Gained mutation: You are clumsy. (Dex -2) [an orb of fire]
 50711 | Zot:5    | Gained mutation: You are weak. (Str -2) [an orb of fire]
 51067 | Zot:5    | Killed an orb of fire
 51310 | Zot:5    | Killed a Killer Klown
 51336 | Zot:5    | Killed an orb of fire
 51399 | Zot:5    | Noticed an orb of fire
 51400 | Zot:5    | Gained mutation: You are dopey. (Int -2) [an orb of fire]
 51411 | Zot:5    | Gained mutation: Armour fits poorly on your strangely
                  | shaped body. [an orb of fire]
 51415 | Zot:5    | Gained mutation: You are very clumsy. (Dex -4) [an orb of
                  | fire]
 51421 | Zot:5    | Killed an orb of fire
 51425 | Zot:5    | Noticed an orb of fire
 51440 | Zot:5    | Killed an orb of fire
 51441 | Zot:5    | Reached XP level 24. HP: 235/267 MP: 23/23
 51826 | Zot:5    | Lost mutation: Armour fits poorly on your strangely shaped
                  | body. [potion of mutation]
 51826 | Zot:5    | Lost mutation: You are very clumsy. (Dex -4) [potion of
                  | mutation]
 51826 | Zot:5    | Lost mutation: You are clumsy. (Dex -2) [potion of
                  | mutation]
 51997 | Zot:5    | Got the Orb of Zot
 52002 | Zot:5    | Noticed Dyics the pandemonium lord
 52096 | Zot:3    | Noticed Dumuit the pandemonium lord
 52096 | Zot:3    | Noticed an ancient lich
 52106 | Zot:3    | Gained mutation: Your magical capacity is low. (-10% MP) [a
                  | cacodemon]
 52619 | D:7      | Noticed Zoprovva the pandemonium lord
 52740 | D:$      | Escaped with the Orb!

Illustrated notes

Levels and vault maps discovered:
D:1:      matt_arrival_grand_opening, layout_loops_ring,
          shapermc_ecumenical_altar_ellora
D:2:      layout_basic, minmay_diced_spiral, uniq_natasha
D:3:      kb_forest_paths, layout_basic, minmay_checkerbox, uniq_robin,
          uniq_ijyb
D:4:      layout_loops_ring, lemuel_round_altar, mainiacjoe_overflow_brackets,
          minmay_temple_entry_mist, minmay_hedge_maze,
          nicolae_shop_firing_range, uniq_sigmund, uniq_edmund, uniq_menkaure,
          uniq_blork_the_orc, uniq_pikel, uniq_eustachio
D:5:      layout_layer_cave
D:6:      layout_cave_pods, minitemple, serial_shops, shop
D:7:      layout_basic, gammafunk_ghost_stat_death, grunt_ministairs_12,
          small_statue_intersection, kennysheep_another_room,
          nicolae_elevator_lobby_plus, uniq_joseph
D:8:      minmay_spotlight, layout_loops_cross, serial_shops,
          nicolae_shop_advertising_works [nicolae_subvault_shop_adworks],
          kennysheep_diamond
D:9:      layout_small_grid, grunt_lair_entry_orc_guard_hut, serial_shops,
          nicolae_shop_stone, lightli_corner_chamber
D:10:     minmay_imperfect_grid, layout_small_grid, enter_bailey_5,
          david_defended_altar_orc
D:11:     layout_irregular_city, portal_ice_cave_entry_pillars_1
D:12:     layout_basic, orc_0_dummy, chequers_serial_rivers_micro_a
D:13:     layout_roguey, nrook_loot_triangle, einodemon_crawler_minivault
D:14:     layout_loops_ring, grunt_vaults_entry_tiered, bloody_makhleb,
          gammafunk_ghost_mausoleum, kennysheep_generic_room_11, uniq_roxanne,
          uniq_louise
D:15:     hangedman_depths_entry_civil_slaughter, layout_cross,
          nicolae_kikubaaqudgha_miasma_corner
Lair:1:   cheibrodos_lair_river_kwai, layout_small_grid,
          grunt_forest_stairs_basic
Lair:2:   layout_cave_pods, lemuel_fruit_fields, serial_bayou_shore_b,
          uniq_gastronok
Lair:3:   layout_regular_city, nicolae_shoals_entry_roost, spider_nest_entry_a,
          worms_lemuel, infiniplex_staircase_pool
Lair:4:   layout_misc_corridors, serial_bayou_shore_b, grunt_megastairs_5
Lair:5:   evil_forest, layout_misc_corridors, slime_entry_1,
          kilobyte_rumbling_trees, grunt_megastairs_2
Shoals:1: layout_shoals, abandoned_shop, nicolae_shoals_loop_pool, uniq_jorgrun
Shoals:2: layout_shoals, serial_shops, bzr_entry_safe,
          nicolae_shoals_undead_eyrie, uniq_polyphemus
Shoals:3: layout_shoals, hellmonk_ghost_happy_afterlife,
          nicolae_shoals_beach_cooler, uniq_mlioglotl
Shoals:4: shoals_end_grunt_garden, layout_shoals, shoal_ilsuiw,
          nicolae_shoals_isolated_beach
Spider:1: layout_chambers, nicolae_spider_circle_web,
          nicolae_spider_rock_and_or_roll
Spider:2: layout_cave_pods, nicolae_spider_some_kinda_spiderbox
Spider:3: nicolae_spider_mines_1
Spider:4: hellmonk_spider_rune_endless_swarm
Slime:1:  layout_caves
Slime:2:  layout_caves
Slime:3:  layout_caves, special_room [special_room_jelly]
Slime:4:  layout_caves
Slime:5
Orc:1:    layout_diamond_mine, basic_altar, gammafunk_ghost_cemetery, uniq_urug
Orc:2:    st_orc_ogre_mass, layout_diamond_mine
Vaults:1: nicolae_vaults_puzzle_piece, v_alt_pattern_5,
          vaults_room_grunt_arrival_checkpoint, vaults_room_door_hall,
          vaults_room_pools, grunt_vaults_bifocal, ontoclasm_vaults_spin,
          nicolae_vaults_storage_closets_3, vaults_mumra_chevron,
          nicolae_vaults_house_3, nicolae_vaults_two_Ls,
          layout_vaults_omnicross, serial_shops,
          nicolae_shop_tiny_real_fake_doors, shop, nicolae_shop_tiny_glass
Vaults:2: nicolae_vaults_six-pack, hangedman_vaults_locks,
          nicolae_vaults_hexular_roomagon, minmay_crypt_entry_simple_round,
          v_misc_3, v_rooms_4, hangedman_vaults_capsules,
          nicolae_vaults_trapezoid_3, nicolae_vaults_closet_pinwheel_2,
          nicolae_vaults_tetromino_Z_1, nicolae_vaults_trapezoid_lopsided_1,
          nicolae_vaults_gold_heap, layout_vaults_chaotic_city
Vaults:3: nicolae_vaults_trapezoid_lopsided_4, nicolae_vaults_diamond_2,
          vaults_dpeg_ring, vaults_room_hallway, vaults_room_mumra_shop_pool,
          vaults_room_semicircle, v_misc_15, ontoclasm_vaults_eye,
          layout_vaults_omnigrid, serial_shops, nicolae_shop_tiny_statue_garden,
          uniq_jory
Vaults:4: nicolae_vaults_prndl, not_door_vault_mu, vaults_room_octagon,
          v_misc_24, nicolae_vaults_alarming, nicolae_vaults_closet_pinwheel_4,
          grunt_vaults_swirl, nicolae_vaults_double_plus_1, v_misc_28,
          ontoclasm_vaults_fault, nicolae_vaults_little_guard_posts,
          nicolae_vaults_theta, layout_vaults_omnibox
Depths:1: layout_basic, hell_entry, rand_demon_pan_entry_3, hangedman_blasphemy,
          uniq_saint_roka
Depths:2: minmay_chopped_fan, layout_gridlike, grunt_pan_entry_spiral,
          hell_entry, minmay_staircase_statues, hangedman_decor_lopped
Depths:3: hangedman_surveillance_ring, layout_gridlike, abyss_entry_crystal,
          serial_shops, shop, rand_demon_pan_entry_4, pf_hell_entry_great_geh,
          uniq_vv
Depths:4: grunt_zot_entry_bicorn, layout_gridville, enter_ziggurat_c,
          abyss_entry, nicolae_sextant, hell_entry
Zot:1:    layout_concentric_octagons, gammafunk_ghost_abyssal_escape
Zot:2:    layout_cathedral_of_symmetry, gammafunk_ghost_tricky_traps,
          skrybe_zot_glass_2
Zot:3:    layout_basic
Zot:4:    layout_gridlike, uniq_tiamat
Zot:5:    layout_misc_corridors, hangedman_zot_decor_scrapings

Skill      XL: |  1  2  3  4  5  6  7  8  9 10 11 12 13 14 15 16 17 18 19 20 21 22 23 |
---------------+----------------------------------------------------------------------+-----
Throwing       | 1 2 3 4 5 8 12 13 15 16 18 | 18.1
Unarmed Combat | 4 5 6 7 8 10 13 16 19 20 21 22 23 24 25 26 27 | 27.0
Dodging        | 3 5 6 8 |  8.3
Fighting       | 4 5 7 8 10 11 12 13 14 16 17 18 19 20 | 20.7
Shields        | 1 3 5 7 |  7.5
Armour         | 3 5 8 9 11 12 14 | 14.4
Spellcasting   | |  1.0
Fire Magic     | |  2.1

Action                     |  1- 3 |  4- 6 |  7- 9 | 10-12 | 13-15 | 16-18 | 19-21 | 22-24 || total
---------------------------+-------+-------+-------+-------+-------+-------+-------+-------++-------
  Melee: Unarmed           |    65 |   195 |   266 |   466 |   684 |  1346 |  1089 |   690 ||  4801
         Punch             |       |     3 |    11 |    17 |    88 |   197 |   197 |   136 ||   649
         Bite              |       |       |       |       |     4 |    77 |    93 |    40 ||   214
         Kick              |       |       |       |       |       |       |   479 |   285 ||   764
         Headbutt          |       |       |       |       |       |       |   280 |    76 ||   356
  Throw: Stone             |       |     2 |    19 |    12 |       |       |       |       ||    33
         Boomerang         |       |       |     3 |       |    23 |     4 |       |       ||    30
         Javelin           |       |       |     1 |     2 |     2 |       |       |       ||     5
         Dart              |       |       |       |    33 |     2 |    19 |       |     3 ||    57
         Throwing net      |       |       |       |     2 |     1 |       |       |       ||     3
         Large rock        |       |       |       |       |       |       |    83 |    63 ||   146
 Invoke: Fiery Armour      |       |       |     1 |     1 |     2 |       |       |       ||     4
         Rising Flame      |       |       |       |     1 |       |       |       |       ||     1
         Oozemancy         |       |       |       |       |       |     8 |     4 |     5 ||    17
         Slimify           |       |       |       |       |       |     2 |     1 |     3 ||     6
  Evoke: Wand              |       |       |       |     1 |       |     2 |       |     1 ||     4
         Phantom mirror    |       |       |       |       |       |     1 |       |       ||     1
    Use: Scroll            |       |    10 |     9 |     1 |    12 |     7 |     4 |     7 ||    50
         Potion            |       |     5 |       |     5 |     7 |     7 |     2 |    15 ||    41
   Stab: Petrified         |       |       |       |       |       |     2 |       |       ||     2
         Distracted        |       |       |       |       |       |       |     1 |       ||     1
         Invisible         |       |       |       |       |       |       |     5 |       ||     5
         Confused          |       |       |       |       |       |       |       |    11 ||    11
 Armour: Robe              |    16 |    47 |    33 |       |       |       |       |       ||    96
         Steam dragon scal |       |       |    38 |   103 |   154 |       |       |       ||   295
         Skin              |       |       |       |     6 |    22 |       |       |       ||    28
         Fire dragon scale |       |       |       |       |    87 |   213 |       |       ||   300
         Gold dragon scale |       |       |       |       |       |   774 |   585 |   474 ||  1833
  Dodge: Dodged            |    34 |    69 |   109 |   145 |   272 |   491 |   272 |   187 ||  1579
  Block: Tower shield      |       |       |    52 |   223 |       |    28 |       |   108 ||   411
         Other             |       |       |       |       |       |   212 |   169 |    82 ||   463
         Reflection        |       |       |       |       |       |    16 |    19 |     3 ||    38
